 Dungeon Crawl Stone Soup version 0.29-a0-1042-g87b1fcd763 (webtiles) character file.

Game seed: 990630725030270191

52 polve the Chopper (level 3, -8/29 HPs)
             Began as a Demonspawn Abyssal Knight on Aug 15, 2022.
             Was a Believer of Lugonu.
             Mangled by an ogre
             ... wielding a +0 giant club
              (22 damage)
             ... on level 2 of the Dungeon.
             The game lasted 00:00:52 (1891 turns).

polve the Chopper (Demonspawn Abyssal Knight)       Turns: 1891, Time: 00:00:53

Health: -8/29      AC:  3    Str: 15    XL:     3   Next: 60%
Magic:  4/4        EV: 11    Int: 11    God:    Lugonu [**....]
Gold:   77         SH:  0    Dex: 13    Spells: 2/2 levels left

rFire   . . .      SeeInvis .   a - +1 hand axe
rCold   . . .      Faith    .   (no shield)
rNeg    . . .      Spirit   .   b - +0 leather armour
rPois   .          Reflect  .   (no helmet)
rElec   .          Harm     .   (no cloak)
rCorr   .          Rampage  .   (no gloves)
Will    .....                   (no boots)
Stlth   +.........              (no amulet)
HPRegen 0.09/turn               c - ring of flight
MPRegen 0.09/turn               (no ring)

@: flying
A: foul stench 1, powered by pain 1
a: Renounce Religion, Depart the Abyss, Bend Space


You were on level 2 of the Dungeon.
You worshipped Lugonu.
Lugonu was pleased with you.
You visited 1 branch of the dungeon, and saw 2 of its levels.
You visited the Abyss 1 time.

You collected 77 gold pieces.

Inventory:

Hand Weapons
 a - a +1 hand axe (weapon)
Armour
 b - a +0 leather armour (worn)
Jewellery
 c - a ring of flight (left hand)
Scrolls
 e - a scroll of enchant weapon {unknown}
 f - a scroll of identify {unknown}
 g - a scroll of magic mapping {unknown}
Potions
 d - a potion of heal wounds {unknown}
 h - a potion of attraction {unknown}
 i - a potion of mutation {unknown}


   Skills:
 - Level 3.0 Fighting
 + Level 3.6 Axes
 - Level 1.7 Armour
 - Level 0.8 Dodging
 - Level 2.4 Invocations


You had 2 spell levels left.
You didn't know any spells.
Your spell library was empty.

Dungeon Overview and Level Annotations

Branches:
Dungeon (2/15)

Altars:


Innate Abilities, Weirdness & Mutations

You may rarely emit foul miasma when damaged in melee.
You sometimes gain a little power by taking damage.


Message History

You are too injured to fight recklessly!
You are too injured to fight recklessly!
You hit the worm.
The worm is moderately wounded.
The worm bites you.
You slash the worm!
You kill the worm!
Lugonu accepts your kill.
You feel a little less mighty now.
You see here a +0 ring mail.
There is a stone staircase leading down here.
There is a stone staircase leading down here.
You see here a +0 ring mail.
An ogre comes into view. It is wielding a +0 giant club.
The ogre shouts!
An ogre is nearby!
An ogre is nearby!
An ogre is nearby!
An ogre is nearby!
Found a book of Burglary.
The ogre barely misses you.
You hit the ogre.
The ogre is lightly wounded.
The ogre closely misses you.
You hit the ogre.
The ogre is moderately wounded.
You hit the ogre.
The ogre is heavily wounded.
The ogre closely misses you.
A hobgoblin comes into view.
The hobgoblin shouts!
You hit the ogre.
The ogre is heavily wounded.
The ogre hits you with a +0 giant club!
Ouch! That really hurt!
You are too injured to fight recklessly!
You closely miss the ogre.
The ogre is heavily wounded.
The ogre hits you with a +0 giant club!!
Ouch! That really hurt!
You die...

##.#.###............#####
##.## #.######.[........
#.# #.# ##......... #†#
#.# #...##### ###.# #.#
#.#.# #...##
#.#######.#.#####
#..#.###.#..............
#.###............#......
...#.###.#.#####@##.####
..÷)..(#.#.# #O# .#
.......#.#.# ... .#
.......#.#.# #...#.#
.........#.# #....
.........#.# ..g...
.........#.# ##.#..
.........#.# #.##:#
....##..##


You could see an ogre and a hobgoblin.

Vanquished Creatures
  2 adders (D:2)
  A worm (D:2)
  A ball python (D:1)
  3 endoplasms (D:1)
  A giant cockroach (D:1)
  2 goblins (D:1)
  4 hobgoblins (D:1)
  3 jackals (D:1)
  4 kobolds
  A quokka (D:2)
  5 bats (D:1)
  2 rats (D:1)
29 creatures vanquished.

Notes
Turn   | Place    | Note
-------+----------+-------------------------------------------
     0 | Abyss:1  | polve the Demonspawn Abyssal Knight began the quest for the
                  | Orb.
     0 | Abyss:1  | Reached XP level 1. HP: 18/18 MP: 2/2
     0 | D:1      | Escaped the Abyss
   187 | D:1      | Found a faded altar of an unknown god.
   318 | D:1      | Gained mutation: You may rarely emit foul miasma when
                  | damaged in melee. [demonic ancestry]
   318 | D:1      | Reached XP level 2. HP: 24/24 MP: 3/3
   326 | D:1      | Reached ** piety under Lugonu
  1272 | D:2      | Gained mutation: You sometimes gain a little power by
                  | taking damage. [demonic ancestry]
  1272 | D:2      | Reached XP level 3. HP: 26/29 MP: 4/4
  1883 | D:2      | Noticed an ogre
  1891 | D:2      | Mangled by an ogre

Illustrated notes

Levels and vault maps discovered:
D:1:      psy_arrival_radial01, layout_loops_ring,
          ebering_ecumenical_altar_petrified
D:2:      layout_loops_ring

Skill      XL: |  1  2 |
---------------+-------+-----
Axes           | 2 3 |  3.6
Fighting       | |  3.0
Armour         | |  1.7
Dodging        | |  0.8
Invocations    | |  2.4

Action                   || total
-------------------------++-------
Melee: Hand axe          ||   101
       Punch             ||     2
Invok: Depart the Abyss  ||     1
Armor: Leather armour    ||    41
Dodge: Dodged            ||    64

Table legend: (Time is in decaauts)
 A = Elapsed time spent in this place.
 B = Non-inter-level travel time spent in this place.
 C = Inter-level travel time spent in this place.
 D = Time resting spent in this place.
 E = Time spent auto-exploring this place.
 F = Levels seen in this place.
 G = Mean time per level.
                   A        B        C        D        E       F      G
               +--------+--------+--------+--------+--------+-----+--------+
         Total |   1905 |   1892 |     13 |      0 |   1670 |   3 |  635.0 |
       Dungeon |   1905 |   1892 |     13 |      0 |   1670 |   2 |  952.5 |
         Abyss |      0 |      0 |      0 |      0 |      0 |   1 |    0.0 |
               +--------+--------+--------+--------+--------+-----+--------+

Top non-repeatable levels by time:
     D:1: 1258 daAuts
     D:2: 646 daAuts
